MAA
ELLENBURG FIGHTING DACHSHUNDS @ YAKIMA HOPS
05/13/2019
 
TOP OF THE 1ST
Ellenburg Fighting Dachshunds batting - Pitching for Yakima Hops : RHP Dave Mitchell
Pitching: RHP Dave Mitchell
Batting: RHB Tim Burnett 0-0: Called Strike
0-1: Ground out 6-3 (Groundball, 6)
Batting: LHB Ramón Hernández 0-0: Called Strike
0-1: Ball
1-1: Foul Ball, location: 2F
1-2: Ball
2-2: Strikes out swinging
Batting: LHB Ismael Cabrera 0-0: Reached on error, E5 (Groundball, 56S)
Batting: RHB Jesús López 0-0: Foul Ball, location: 2F
0-1: Foul Ball, location: 2F
0-2: Foul Ball, location: 2F
0-2: Ball
1-2: Foul Ball, location: 2F
1-2: Ball
2-2: SINGLE (Line Drive, 7S)
Ismael Cabrera to second
Batting: RHB Isaac Downey 0-0: Foul Ball, location: 2F
0-1: Foul Ball, location: 2F
0-2: SINGLE (Groundball, 56)
Ismael Cabrera to third
Jesús López to second
Runner from 3rd tries for Home, SAFE, no throw or cutoff
Batting: RHB Eddie Davis 0-0: Foul Ball, location: 2F
0-1: Ball
1-1: Ball
2-1: Ball
3-1: Foul Ball, location: 2F
3-2: Foul Ball, location: 2F
3-2: Strikes out swinging
Top of the 1st over - 1 run(s), 2 hit(s), 1 error(s), 2 left on base; Ellenburg 1 - Yakima 0
BOTTOM OF THE 1ST
Yakima Hops batting - Pitching for Ellenburg Fighting Dachshunds : RHP Leroy Picot
Pitching: RHP Leroy Picot
Batting: RHB Rafael Najcrea 0-0: Foul Ball, location: 2F
0-1: Ball
1-1: Ball
2-1: Ball
3-1: Foul Ball, location: 2F
3-2: Fly out, F7 (Flyball, 78M)
Batting: SHB Craig Barnes 0-0: Foul Ball, location: 2F
0-1: Ball
1-1: Foul Ball, location: 2F
1-2: Ground out 6-3 (Groundball, 56)
Batting: RHB Miguel Fernández 0-0: Ball
1-0: Swinging Strike
1-1: Ball
2-1: Ball
3-1: SINGLE (Flyball, 89S)
Batting: RHB Gabriel Maldonado 0-0: Foul Ball, location: 2F
0-1: Ground out 5-3 (Groundball, 5S)
Bottom of the 1st over - 0 run(s), 1 hit(s), 0 error(s), 1 left on base; Ellenburg 1 - Yakima 0
TOP OF THE 2ND
Ellenburg Fighting Dachshunds batting - Pitching for Yakima Hops : RHP Dave Mitchell
Batting: LHB Alan Hardy 0-0: Ball
1-0: Ball
2-0: Ground out 2-3 (Groundball, 2R)
Batting: RHB Manuel Herrera 0-0: Foul Ball, location: 2F
0-1: Ball
1-1: Called Strike
1-2: Strikes out swinging
Batting: RHB Cole McKnight 0-0: Fly out, F4 (Popup, 13)
Top of the 2nd over - 0 run(s), 0 hit(s), 0 error(s), 0 left on base; Ellenburg 1 - Yakima 0
BOTTOM OF THE 2ND
Yakima Hops batting - Pitching for Ellenburg Fighting Dachshunds : RHP Leroy Picot
Batting: SHB Brian Ray 0-0: Foul Ball, location: 2F
0-1: Swinging Strike
0-2: Ball
1-2: Foul Ball, location: 2F
1-2: Ball
2-2: Ball
3-2: Base on Balls
Batting: RHB Chae-hyeong Kim 0-0: Ball
1-0: DOUBLE (Groundball, 3L)
Brian Ray to third
Batting: RHB Cal Jackson 0-0: Ball
1-0: Swinging Strike
1-1: Ball
2-1: 3-RUN HOME RUN (Flyball, 7D), Distance : 381 ft
Batting: SHB Carlos Sánchez 0-0: Called Strike
0-1: Ball
1-1: Foul Ball, location: 2F
1-2: Strikes out swinging
Batting: RHB Jim Allen 0-0: Ball
1-0: Foul Ball, location: 2F
1-1: Ball
2-1: Ball
3-1: Base on Balls
Batting: RHB Rafael Najcrea 0-0: Ball
1-0: Called Strike
1-1: Ball
2-1: Ball
3-1: Foul Ball, location: 2F
3-2: Foul Ball, location: 2F
3-2: Base on Balls
Jim Allen to second
Batting: SHB Craig Barnes 0-0: Called Strike
0-1: SINGLE (Groundball, 6MD)
Jim Allen to third
Rafael Najcrea to second
Runner from 3rd tries for Home, SAFE, no throw or cutoff
Batting: RHB Miguel Fernández 0-0: Called Strike
0-1: Called Strike
0-2: Ball
Wild Pitch!
Rafael Najcrea to third
Craig Barnes to second
1-2: Foul Ball, location: 2F
1-2: Ball
2-2: Ball
3-2: Fly out, F9 (Flyball, 9LM)
Runner from 3rd tags up, SCORES, no throw
Pitching: RHP Dave Conley
Batting: RHB Gabriel Maldonado 0-0: Called Strike
0-1: Ball
1-1: SINGLE (Line Drive, 78S)
Craig Barnes to third
Runner from 3rd tries for Home, SAFE, no throw or cutoff
Batting: SHB Brian Ray 0-0: Ball
1-0: Called Strike
1-1: Foul Ball, location: 2F
1-2: Strikes out swinging
Bottom of the 2nd over - 6 run(s), 4 hit(s), 0 error(s), 1 left on base; Ellenburg 1 - Yakima 6
TOP OF THE 3RD
Ellenburg Fighting Dachshunds batting - Pitching for Yakima Hops : RHP Dave Mitchell
Batting: RHB Tim Burnett 0-0: Ball
1-0: Fly out, F7 (Line Drive, 7D)
Batting: LHB Ramón Hernández 0-0: Called Strike
0-1: Ground out 1-3 (Groundball, 13)
Batting: LHB Ismael Cabrera 0-0: Ball
1-0: Called Strike
1-1: Ball
2-1: Fly out, F6 (Popup, 6D)
Top of the 3rd over - 0 run(s), 0 hit(s), 0 error(s), 0 left on base; Ellenburg 1 - Yakima 6
BOTTOM OF THE 3RD
Yakima Hops batting - Pitching for Ellenburg Fighting Dachshunds : RHP Dave Conley
Batting: RHB Chae-hyeong Kim 0-0: Ball
1-0: Ball
2-0: SINGLE (Line Drive, 56D)
Batting: RHB Cal Jackson 0-0: Ball
1-0: Ball
2-0: Called Strike
2-1: Foul Ball, location: 2F
2-2: Ball
3-2: Base on Balls
Chae-hyeong Kim to second
Batting: SHB Carlos Sánchez 0-0: Ground out 3-1 (Groundball, 34S)
Chae-hyeong Kim to third
Cal Jackson to second
Batting: RHB Jim Allen 0-0: Ball
1-0: Fly out, F7 (Flyball, 7LM)
Runner from 3rd tags up, SCORES, throw made
Batting: RHB Rafael Najcrea 0-0: Ball
1-0: Ball
2-0: Called Strike
2-1: Ball
3-1: Base on Balls
Batting: SHB Craig Barnes 0-0: Ground out 2-3 (Groundball, 23)
Bottom of the 3rd over - 1 run(s), 1 hit(s), 0 error(s), 2 left on base; Ellenburg 1 - Yakima 7
TOP OF THE 4TH
Ellenburg Fighting Dachshunds batting - Pitching for Yakima Hops : RHP Dave Mitchell
Batting: RHB Jesús López 0-0: Ball
1-0: SINGLE (Groundball, 5)
Batting: RHB Isaac Downey 0-0: Ball
1-0: Ball
2-0: Fly out, F7 (Line Drive, 7M)
Batting: RHB Eddie Davis 0-0: Foul Ball, location: 2F
0-1: Ball
1-1: Swinging Strike
1-2: Ball
2-2: Foul Ball, location: 2F
2-2: Strikes out looking
Batting: LHB Alan Hardy 0-0: Ball
1-0: Called Strike
1-1: Ball
2-1: SINGLE (Groundball, 3D)
Jesús López to second
Runner from 2nd tries for 3rd, SAFE, throw made to third
Batting: RHB Manuel Herrera 0-0: Called Strike
0-1: Ball
1-1: Swinging Strike
1-2: Ball
2-2: Ball
3-2: Fly out, F8 (Flyball, 8LM)
Top of the 4th over - 0 run(s), 2 hit(s), 0 error(s), 2 left on base; Ellenburg 1 - Yakima 7
BOTTOM OF THE 4TH
Yakima Hops batting - Pitching for Ellenburg Fighting Dachshunds : RHP Dave Conley
Batting: RHB Miguel Fernández 0-0: Ball
1-0: Called Strike
1-1: Swinging Strike
1-2: Fly out, F3 (Popup, 3SF)
Batting: RHB Gabriel Maldonado 0-0: Ball
1-0: Foul Ball, location: 2F
1-1: Ball
2-1: Ground out 6-3 (Groundball, 6)
Batting: SHB Brian Ray 0-0: Swinging Strike
0-1: Called Strike
0-2: Ball
1-2: Ball
2-2: Ball
3-2: Strikes out looking
Bottom of the 4th over - 0 run(s), 0 hit(s), 0 error(s), 0 left on base; Ellenburg 1 - Yakima 7
TOP OF THE 5TH
Ellenburg Fighting Dachshunds batting - Pitching for Yakima Hops : RHP Dave Mitchell
Batting: RHB Cole McKnight 0-0: Ball
1-0: Ball
2-0: Foul Ball, location: 2F
2-1: Ground out 5-3 (Groundball, 5)
Batting: RHB Tim Burnett 0-0: Ball
1-0: Swinging Strike
1-1: Ball
2-1: Foul Ball, location: 2F
2-2: Ball
3-2: Foul Ball, location: 2F
3-2: Foul Ball, location: 2F
3-2: Foul Ball, location: 2F
3-2: Base on Balls
Batting: LHB Ramón Hernández 0-0: Called Strike
0-1: Ball
1-1: Foul Ball, location: 2F
1-2: Ball
2-2: Fly out, F7 (Line Drive, 7LM)
Batting: LHB Ismael Cabrera 0-0: Foul Ball, location: 2F
0-1: Ball
1-1: Fly out, F9 (Flyball, 9D)
Top of the 5th over - 0 run(s), 0 hit(s), 0 error(s), 1 left on base; Ellenburg 1 - Yakima 7
BOTTOM OF THE 5TH
Yakima Hops batting - Pitching for Ellenburg Fighting Dachshunds : RHP Dave Conley
Batting: RHB Chae-hyeong Kim 0-0: Called Strike
0-1: Ball
1-1: Swinging Strike
1-2: Ball
2-2: Ball
3-2: SINGLE (Line Drive, 3)
Batting: RHB Cal Jackson 0-0: Ball
1-0: Called Strike
1-1: Swinging Strike
1-2: Ball
2-2: 2-RUN HOME RUN (Flyball, 78XD), Distance : 424 ft
Pitching: RHP Graig Bell
Batting: SHB Carlos Sánchez 0-0: Ball
1-0: Fly out, F8 (Flyball, 8RM)
Batting: RHB Jim Allen 0-0: Ball
1-0: Foul Ball, location: 2F
Single, Error in OF, E7, batter to second base
Batting: RHB Rafael Najcrea 0-0: Ball
Jim Allen steals 3rd base
1-0: SINGLE (Line Drive, 78M)
Jim Allen scores
Batting: SHB Craig Barnes 0-0: Ball
1-0: Ball
2-0: Fly out, F7 (Line Drive, 7M)
Batting: RHB Miguel Fernández 0-0: Called Strike
Rafael Najcrea steals 2nd base
0-1: Foul Ball, location: 2F
0-2: Foul Ball, location: 2F
0-2: Foul Ball, location: 2F
0-2: Fly out, F7 (Flyball, 78M)
Bottom of the 5th over - 3 run(s), 4 hit(s), 1 error(s), 1 left on base; Ellenburg 1 - Yakima 10
TOP OF THE 6TH
Ellenburg Fighting Dachshunds batting - Pitching for Yakima Hops : RHP Dave Mitchell
Batting: RHB Jesús López 0-0: Ball
1-0: Fly out, F6 (Popup, 6M)
Batting: RHB Isaac Downey 0-0: Called Strike
0-1: Foul Ball, location: 2F
0-2: Ball
1-2: Fly out, F4 (Popup, 8RS)
Batting: RHB Eddie Davis 0-0: Foul Ball, location: 2F
0-1: Ball
1-1: Called Strike
1-2: Strikes out swinging
Top of the 6th over - 0 run(s), 0 hit(s), 0 error(s), 0 left on base; Ellenburg 1 - Yakima 10
BOTTOM OF THE 6TH
Yakima Hops batting - Pitching for Ellenburg Fighting Dachshunds : RHP Graig Bell
Batting: RHB Gabriel Maldonado 0-0: Swinging Strike
0-1: Foul Ball, location: 2F
0-2: Strikes out swinging
Batting: SHB Brian Ray 0-0: Ball
1-0: SINGLE (Flyball, 8RS)
Batting: RHB Chae-hyeong Kim 0-0: Ball
1-0: SINGLE (Line Drive, 78M)
Brian Ray to second
Batting: RHB Cal Jackson 0-0: Foul Ball, location: 2F
0-1: Ball
1-1: Foul Ball, location: 2F
1-2: Fly out, F8 (Line Drive, 78S)
Batting: SHB Carlos Sánchez 0-0: Ground out 4-3 (Groundball, 4)
Bottom of the 6th over - 0 run(s), 2 hit(s), 0 error(s), 2 left on base; Ellenburg 1 - Yakima 10
TOP OF THE 7TH
Ellenburg Fighting Dachshunds batting - Pitching for Yakima Hops : RHP Dave Mitchell
Batting: LHB Alan Hardy 0-0: Ball
1-0: Ball
2-0: Ball
3-0: Foul Ball, location: 2F
3-1: Foul Ball, location: 2F
3-2: SINGLE (Flyball, 7S)
Batting: RHB Manuel Herrera 0-0: Ball
1-0: Foul Ball, location: 2F
1-1: Grounds into double play, U4-3 (Groundball, 4)
Batting: RHB Cole McKnight 0-0: Ball
1-0: Swinging Strike
1-1: Ball
2-1: Ball
3-1: Called Strike
3-2: SINGLE (Line Drive, 4M)
Pitching: RHP Bill Muńóz
Batting: RHB Tim Burnett 0-0: Ball
1-0: Ball
2-0: Ball
3-0: Called Strike
3-1: Swinging Strike
3-2: Foul Ball, location: 2F
3-2: Base on Balls
Cole McKnight to second
Batting: LHB Ramón Hernández 0-0: Ball
1-0: Ball
2-0: Ball
3-0: Called Strike
3-1: Called Strike
3-2: Strikes out swinging
Top of the 7th over - 0 run(s), 2 hit(s), 0 error(s), 2 left on base; Ellenburg 1 - Yakima 10
BOTTOM OF THE 7TH
Yakima Hops batting - Pitching for Ellenburg Fighting Dachshunds : RHP Graig Bell
Pitching: RHP Alfredo Torres
Batting: RHB Jim Allen 0-0: Ball
1-0: Ball
2-0: SINGLE (Groundball, 56)
Batting: RHB Rafael Najcrea 0-0: Grounds into double play, 5-4-3 (Groundball, 5)
Batting: SHB Craig Barnes 0-0: Called Strike
0-1: Fly out, F7 (Line Drive, 7M)
Bottom of the 7th over - 0 run(s), 1 hit(s), 0 error(s), 0 left on base; Ellenburg 1 - Yakima 10
TOP OF THE 8TH
Ellenburg Fighting Dachshunds batting - Pitching for Yakima Hops : RHP Bill Muńóz
Batting: LHB Ismael Cabrera 0-0: Ball
1-0: Swinging Strike
1-1: Swinging Strike
1-2: Ball
2-2: Strikes out swinging
Batting: RHB Jesús López 0-0: Foul Ball, location: 2F
0-1: Ball
1-1: Fly out, F7 (Flyball, 7M)
Batting: RHB Isaac Downey 0-0: Ball
1-0: Called Strike
1-1: Swinging Strike
1-2: Fly out, F8 (Flyball, 8LD)
Top of the 8th over - 0 run(s), 0 hit(s), 0 error(s), 0 left on base; Ellenburg 1 - Yakima 10
BOTTOM OF THE 8TH
Yakima Hops batting - Pitching for Ellenburg Fighting Dachshunds : RHP Alfredo Torres
Batting: RHB Miguel Fernández 0-0: Called Strike
0-1: Ball
1-1: Foul Ball, location: 2F
1-2: Strikes out swinging
Batting: RHB Gabriel Maldonado 0-0: Ball
1-0: Ball
2-0: Foul Ball, location: 2F
2-1: Ball
3-1: SINGLE (Line Drive, 56D)
Batting: SHB Brian Ray 0-0: Ball
Wild Pitch!
Gabriel Maldonado to second
1-0: Ball
2-0: Ball
3-0: Base on Balls
Batting: RHB Chae-hyeong Kim 0-0: Ball
1-0: Ground out 5-3 (Groundball, 15S)
Gabriel Maldonado to third
Brian Ray to second
Batting: RHB Cal Jackson 0-0: Ball
1-0: Swinging Strike
1-1: Ball
2-1: Foul Ball, location: 2F
2-2: Ball
3-2: Base on Balls
Batting: SHB Carlos Sánchez 0-0: Called Strike
0-1: Ground out 1-3 (Groundball, 13S)
Bottom of the 8th over - 0 run(s), 1 hit(s), 0 error(s), 3 left on base; Ellenburg 1 - Yakima 10
TOP OF THE 9TH
Ellenburg Fighting Dachshunds batting - Pitching for Yakima Hops : RHP Bill Muńóz
Pinch Hitting: LHB Joe McElroy 0-0: Foul Ball, location: 2F
0-1: Ball
1-1: Foul Ball, location: 2F
1-2: Ball
2-2: Ball
3-2: SOLO HOME RUN (Line Drive, 7LD), Distance : 362 ft
Batting: LHB Alan Hardy 0-0: Called Strike
0-1: Swinging Strike
0-2: Ball
1-2: Strikes out swinging
Batting: RHB Manuel Herrera 0-0: Foul Ball, location: 2F
0-1: TRIPLE (Line Drive, 9LM)
Batting: RHB Cole McKnight 0-0: Ball
1-0: Called Strike
1-1: Fly out, F9 (Flyball, 9M)
Runner from 3rd tags up, SCORES, no throw
Batting: RHB Tim Burnett 0-0: Called Strike
0-1: DOUBLE (Line Drive, 5D)
Batting: LHB Ramón Hernández 0-0: Ball
1-0: SINGLE (Groundball, 6MD)
Tim Burnett to third
Runner from 3rd tries for Home, SAFE, no throw or cutoff
Batting: LHB Ismael Cabrera 0-0: Ball
1-0: Called Strike
1-1: Foul Ball, location: 2F
1-2: Ball
2-2: Ball
3-2: SINGLE (Flyball, 8RS)
Ramón Hernández to second
Ramón Hernández to third
Batting: RHB Jesús López 0-0: Fly out, F9 (Flyball, 89S)
Top of the 9th over - 3 run(s), 5 hit(s), 0 error(s), 2 left on base; Ellenburg 4 - Yakima 10
This league is powered by Out of the Park Baseball, the baseball management simulation game for PC, Mac and Linux
Saturday, July 25th, 2015 - OOTP Baseball 15.6 Build 34